 Dungeon Crawl Stone Soup version 0.28.0-43-g3370ac3207 (webtiles) character file.

Game seed: 14892379910174767781

832 zeratav the Thaumaturge (level 7, -4/36 HPs)
             Began as a Deep Elf Fire Elementalist on Mar 31, 2022.
             Was an Initiate of Vehumet.
             Slain by an orc warrior
             ... wielding a +0 halberd
              (7 damage)
             ... on level 6 of the Dungeon.
             The game lasted 00:42:53 (6262 turns).

zeratav the Thaumaturge (DEFE)                      Turns: 6262, Time: 00:42:54

Health: -4/36      AC:  7    Str:  5    XL:     7   Next: 65%
Magic:  3/20       EV: 12    Int: 22    God:    Vehumet [......]
Gold:   154        SH:  0    Dex: 15    Spells: 12/22 levels left

rFire   + . .      SeeInvis .   f - +0 hunting sling (vorpal)
rCold   x . .      Faith    .   (no shield)
rNeg    . . .      Spirit   .   p - +0 leather armour
rPois   .          Reflect  .   g - +0 helmet
rElec   .          Harm     .   (no cloak)
rCorr   .          Rampage  .   q - +1 pair of gloves
Will    .....                   t - +0 pair of boots
Stlth   ++........              (no amulet)
HPRegen 0.12/turn               v - ring of wizardry
MPRegen 0.17/turn               r - ring of fire

@: very slightly contaminated
A: no striking features
a: Renounce Religion


You were on level 6 of the Dungeon.
You worshipped Vehumet.
Vehumet was noncommittal.
You visited 2 branches of the dungeon, and saw 7 of its levels.

You collected 154 gold pieces.

Inventory:

Hand Weapons
 f - a +0 vorpal hunting sling (weapon)
 C - a +2 dagger of venom
 D - a +0 falchion of holy wrath
Missiles
 h - 160 stones
 l - 28 sling bullets (quivered ammo)
 u - 6 boomerangs
Armour
 g - a +0 helmet (worn)
 p - a +0 leather armour (worn)
 q - a +1 pair of gloves (worn)
 t - a +0 pair of boots (worn)
Jewellery
 b - a +4 ring of evasion
 r - a ring of fire (right hand)
 v - a ring of wizardry (left hand)
Wands
 x - a wand of paralysis (8)
 z - a wand of flame (12)
Scrolls
 k - 2 scrolls of teleportation
 n - a scroll of enchant armour
 o - 3 scrolls of identify
 A - a scroll of fog {unknown}
 B - a scroll of holy word {unknown}
Potions
 c - 2 potions of curing
 d - a potion of haste {unknown}
 e - a potion of degeneration {unknown}
 i - a potion of brilliance {unknown}
 j - 2 potions of berserk rage {unknown}
 m - a potion of magic {unknown}
 w - a potion of lignification {unknown}


   Skills:
 - Level 0.1 Slings
 - Level 2.7 Dodging
 - Level 2.9 Stealth
 + Level 8.1 Spellcasting
 * Level 3.6 Conjurations
 - Level 0.1 Summonings
 + Level 6.5 Fire Magic


You had 12 spell levels left.
You knew the following spells:

 Your Spells              Type           Power      Damage    Failure   Level
a - Foxfire               Conj/Fire      100%       2x1d9     1%          1
b - Scorch                Fire           100%       2d10      1%          2
c - Conjure Flame         Conj/Fire      47%        6-21      1%          3
d - Flame Wave            Conj/Fire      47%        2d10      6%          4

Your spell library contained the following spells:

 Spells                   Type           Power      Damage    Failure   Level
 Magic Dart               Conj           96%        1d7       1%          1
 Inner Flame              Hex/Fire       35%        N/A       4%          3
 Call Imp                 Summ           9%         N/A       7%          2
 Mephitic Cloud           Conj/Pois/Air  14%        N/A       9%          3


Dungeon Overview and Level Annotations

Branches:
Dungeon (6/15)             Temple (1/1) D:4

Altars:
Cheibriados
Dithmenos
Gozag
Hepliaklqana
Sif Muna
Uskayaw
Vehumet
Zin

Shops:
D:1 *

Annotations:
D:6 Sigmund


Message History

Casting: Flame Wave (quite dangerous; 7% risk of failure)
Confirm with . or Enter, or press ? or * to list all spells.
The spell is quite dangerous to miscast (7% risk of failure)!
Continue anyway?
Casting: Flame Wave (quite dangerous; 7% risk of failure)
Press: ? - help, Dir - look around, f - activate You feel a surge of power!
You miscast Flame Wave.
You are very lightly contaminated with residual magic.
Nothing appears to happen.
Something hits you but does no damage. The orc warrior barely misses you.
Casting: Flame Wave (quite dangerous; 7% risk of failure)
Confirm with . or Enter, or press ? or * to list all spells.
The spell is quite dangerous to miscast (7% risk of failure)!
Continue anyway?
Casting: Flame Wave (quite dangerous; 7% risk of failure)
Press: ? - help, Dir - look around, f - activate You feel a surge of power!
A wave of flame ripples out!
The flame wave engulfs something!
Vehumet accepts your kill.
Reactivating autopickup.
You feel a bit more experienced. (Press . to intensify the flame waves.)
The orc warrior hits you from afar with a +0 halberd!!
Ouch! That really hurt!
* * * LOW HITPOINT WARNING * * *
Your Spellcasting skill increases to level 8!
A wave of flame ripples out!
The flame wave engulfs the scorpion!
The scorpion is severely wounded.
The flame wave engulfs the orc warrior!
The orc warrior is severely wounded.
You hear a bark!
You hear an angry hiss.
The orc warrior misses you. The scorpion stings you.
* * * LOW HITPOINT WARNING * * *
A wave of flame ripples out!
The flame wave engulfs the scorpion!
You kill the scorpion!
Vehumet accepts your kill.
The flame wave engulfs the orc warrior.
The orc warrior is almost dead.
You finish channelling waves of flame.
You hear an angry hiss.
The orc warrior hits you from afar with a +0 halberd!
You die...

#.....l#.......$.
#....##.<........
...###....#..##.
#...#...####...
.......##.#..####
..#..l#.......#
...##..........##
##.#
#...........# ..
.......@....#
.......†)......
#......o...##..
#..........#
..!.........#
.#..#.........
....#..###.....
.## ... ..#..


You could see an orc warrior and an iguana.

Vanquished Creatures
  Eustachio (D:5)
  A sky beast (D:6)
  A necrophage (D:5)
  A scorpion (D:6)
  A jelly (D:5)
  2 hounds (D:4)
  2 orc priests
  2 iguanas (D:4)
  3 orc wizards
  2 hound skeletons (D:2)
  A hound zombie (D:5)
  4 adders
  3 gnolls (D:2)
  2 shadow imps (D:5)
  3 worms
  A dart slug (D:2)
  12 orcs
  9 ball pythons
  3 endoplasms (D:2)
  7 giant cockroaches
  7 goblins
  7 hobgoblins
  2 quokkas (D:1)
  5 bats
  4 frilled lizards
  7 kobolds
  4 rats
97 creatures vanquished.

Vanquished Creatures (collateral kills)
  An adder (D:3)
  A giant cockroach (D:2)
  A rat (D:2)
3 creatures vanquished.

Vanquished Creatures (others)
  27 foxfires
27 creatures vanquished.

Grand Total: 127 creatures vanquished

Notes
Turn   | Place    | Note
-------+----------+-------------------------------------------
     0 | D:1      | zeratav the Deep Elf Fire Elementalist began the quest for
                  | the Orb.
     0 | D:1      | Reached XP level 1. HP: 10/10 MP: 6/6
   228 | D:1      | Found Essaob's General Store.
   266 | D:1      | Reached XP level 2. HP: 15/15 MP: 5/8
   294 | D:1      | Learned a level 2 spell: Scorch
  1041 | D:2      | Reached skill level 4 in Spellcasting
  1041 | D:2      | Reached XP level 3. HP: 19/19 MP: 2/10
  1331 | D:2      | Reached XP level 4. HP: 22/24 MP: 0/12
  1473 | D:2      | Found Cilabb's Distillery.
  1631 | D:2      | Found a faded altar of an unknown god.
  1769 | D:2      | Learned a level 2 spell: Call Imp
  2613 | D:3      | Learned a level 4 spell: Flame Wave
  2629 | D:3      | Found a hazy altar of Hepliaklqana.
  2762 | D:3      | Reached skill level 5 in Spellcasting
  2782 | D:3      | Reached XP level 5. HP: 28/28 MP: 8/14
  3452 | D:4      | Reached skill level 5 in Fire Magic
  3866 | D:4      | Found a hide-covered altar of Uskayaw.
  3954 | D:4      | Reached skill level 6 in Spellcasting
  3954 | D:4      | Reached XP level 6. HP: 32/32 MP: 6/17
  4178 | D:4      | Identified the +4 hand axe of the Present {vamp, rElec}
  4482 | D:4      | Found a staircase to the Ecumenical Temple.
  4491 | Temple   | Entered the Ecumenical Temple
  4520 | Temple   | Became a worshipper of Vehumet
  4685 | D:5      | Entered Level 5 of the Dungeon
  5020 | D:5      | Reached skill level 7 in Spellcasting
  5020 | D:5      | Reached XP level 7. HP: 36/36 MP: 13/19
  5283 | D:5      | Learned a level 3 spell: Conjure Flame
  5737 | D:6      | Noticed Eustachio
  5796 | D:6      | Noticed a yak
  5827 | D:6      | Noticed Sigmund
  6208 | D:5      | Killed Eustachio
  6261 | D:6      | Reached skill level 8 in Spellcasting
  6262 | D:6      | Slain by an orc warrior

Illustrated notes

Levels and vault maps discovered:
D:1:      eino_arrival_water_star, layout_rooms, serial_shops,
          nicolae_square_shop
D:2:      minmay_spotlight, layout_loops_ring, chequers_ecumenical_altar_island,
          serial_shops, nicolae_shop_advertising_works
          [nicolae_subvault_shop_adworks], minmay_tromino_v7
D:3:      layout_rooms, nicolae_hepliaklqana_hazy_memory
D:4:      cheibrodos_pilgrimage, layout_basic, nicolae_uskayaw_dance_hall,
          minmay_temple_entry_glassed_door, st_stairs_1
D:5:      layout_loops_ring
D:6:      layout_cave_pools, lemuel_round_altar,
          mainiacjoe_overflow_concentric_impassable,
          nicolae_ru_the_path_less_chosen, st_stairs_1, uniq_eustachio,
          uniq_sigmund, uniq_crazy_yiuf_cottage, uniq_grinder
Temple:   cyrus_temple_forest

Skill      XL: |  1  2  3  4  5  6  7 |
---------------+----------------------+-----
Spellcasting   | 4 5 6 7 8 |  8.1
Fire Magic     | 4 5 6 |  6.5
Conjurations   | 2 3 |  3.6
Slings         | |  0.1
Dodging        | |  2.7
Stealth        | |  2.9
Summonings     | |  0.1

Action                   |  1- 3 |  4- 6 |  7- 9 || total
-------------------------+-------+-------+-------++-------
Melee: Hunting sling     |     1 |     1 |       ||     2
 Fire: Hunting sling     |    10 |    65 |     4 ||    79
 Cast: Foxfire           |    19 |       |       ||    19
       Scorch            |    27 |    58 |    10 ||    95
       Call Imp          |       |    11 |       ||    11
       Flame Wave        |       |     3 |     3 ||     6
       Conjure Flame     |       |       |     2 ||     2
  Use: Scroll            |       |     6 |     2 ||     8
Armor: Robe              |     5 |     6 |     2 ||    13
       Leather armour    |       |       |     3 ||     3
Dodge: Dodged            |    14 |    28 |    11 ||    53
